[Event "5th Sharjah Masters 2022"]
[Site "Sharjah"]
[Date "2022.05.23"]
[Round "3.7"]
[White "Martirosyan, Haik M."]
[Black "Sethuraman, S.P."]
[Result "1/2-1/2"]
[ECO "D23"]
[WhiteElo "2652"]
[BlackElo "2613"]
[Annotator "TA"]
[PlyCount "130"]
[EventDate "2022.05.21"]
[EventType "swiss"]
[EventCountry "UAE"]
[SourceTitle "playchess.com"]
[Source "ChessBase"]
[SourceQuality "1"]
[TimeControl "5400+30"]

1. d4 d5 2. c4 c6 3. Nf3 Nf6 4. Qb3 dxc4 5. Qxc4 Bg4 6. Nc3 {[%emt 0:01:36] D23: Queen's Gambit Accepted: 3 Nf3 Nf6 sidelines.} Nbd7 7. Bf4 $1 {[%emt 0:01:06] [#]} Bf5 $146 ({Predecessor:} 7... e6 8. e4 Bxf3 9. gxf3 Be7 10. O-O-O Rc8 11. Kb1 O-O 12. Rg1 Kh8 13. Bh3 b5 {1-0 (67) Erigaisi,A (2634)-Goryachkina,A (2602) Riga 2021}) 8. Qb3 ({Reject} 8. Ng5 e6 $11) 8... Qb6 9. Nd2 Be6 10. Qxb6 axb6 11. e4 g6 12. a4 Bg7 13. Rc1 Nh5 14. Be3 f5 15. exf5 gxf5 {[%emt 0:00:58] Hoping for ...f4.} 16. Be2 Nhf6 17. O-O Ng4 18. Bc4 Bxc4 19. Nxc4 f4 20. Bxf4 {[%emt 0:02:02] Rfd1 is the strong threat.} Bxd4 21. Ne2 (21. h3 $142 Ngf6 22. Rfe1) 21... Bc5 (21... Bxf2+ $1 {is superior.} 22. Rxf2 Nxf2 23. Kxf2 Rxa4) 22. h3 Ngf6 (22... Nxf2 {keeps more tension.} 23. Rxf2 Rxa4 24. Bd2 Bxf2+ 25. Kxf2 Rf8+) 23. b3 O-O 24. Rcd1 Nd5 25. Bd2 N7f6 26. Ng3 {[%emt 0:00:55] Prevents Ne4.} b5 27. axb5 cxb5 28. Ne3 Nxe3 29. Bxe3 Bxe3 30. fxe3 Rfd8 31. e4 Rxd1 32. Rxd1 $11 {[%emt 0:00:28][%mdl 4096] Endgame KRN-KRN} Kf7 33. e5 Ne8 34. Rd5 Nc7 35. Rc5 Ne6 36. Rxb5 Ra2 37. Rb4 Rb2 38. Nf5 Nc5 39. Rb5 b6 40. Rxb6 Rxb3 41. Rh6 Rb1+ 42. Kh2 Re1 (42... Rb2 $14) 43. g4 $16 ({Weaker is} 43. Rxh7+ Kg6 44. Rxe7 Kxf5 $11) 43... Rxe5 44. Rxh7+ Kf6 45. h4 {[%emt 0:04:19] White is more active.} (45. Kg3 $16) 45... Re2+ 46. Kg3 e6 (46... Re1 $16 47. Kf3 Rf1+ 48. Ke2 Rf4) 47. Nd4 (47. Ne7 $18) 47... Re3+ $14 48. Nf3 {[%emt 0:00:22] aiming for h5.} Nd3 (48... e5 $14) 49. g5+ $18 Kg6 {[%emt 0:00:07] [#]} 50. Rh6+ Kg7 {[%emt 0:00:32] [#]} 51. Rf6 $2 (51. h5 $1 $18) 51... e5 $11 52. Kg2 ({Don't take} 52. Kg4 $6 Re4+ 53. Kg3 Re3 $14) 52... Re2+ 53. Kg1 {[%emt 0:00:28] With the idea h5.} Nf4 (53... Re4 $11 {keeps the balance.}) 54. Kf1 $16 {[%emt 0:00:32][%cal Of6f4] And now Rxf4! would win.} Re4 {[%emt 0:00:13] [#]} 55. Nxe5 $1 {[%emt 0:03:03][%cal Of1f2] Black must now prevent Kf2!} Nd5 56. Rg6+ Kh7 57. Re6 (57. Rh6+ $14 Kg7 58. Nd7) 57... Rxh4 $11 {[%emt 0:00:21] The position is equal.} 58. Rd6 Ne3+ 59. Kf2 Nf5 60. Rf6 Rf4+ 61. Kg1 Nd4 62. Kg2 Rxf6 63. gxf6 Nc6 64. f7 Kg7 65. Nxc6 {[%emt 0:00:05] Ne5 would kill now.} Kxf7 {[%emt 0:00:02] Weighted Error Value: White=0.16 (very precise) /Black=0.12 (very precise)} 1/2-1/2

[Event "5th Sharjah Masters 2022"]
[Site "Sharjah"]
[Date "2022.05.23"]
[Round "3.8"]
[White "Tabatabaei, M. Amin"]
[Black "Moroni, Luca Jr"]
[Result "1-0"]
[ECO "D30"]
[WhiteElo "2650"]
[BlackElo "2581"]
[Annotator "TA"]
[PlyCount "101"]
[EventDate "2022.05.21"]
[EventType "swiss"]
[EventCountry "UAE"]
[SourceTitle "playchess.com"]
[Source "ChessBase"]
[SourceQuality "1"]
[TimeControl "5400+30"]

1. d4 d5 2. c4 e6 3. Nf3 c5 4. cxd5 exd5 5. g3 Nf6 6. Bg2 Nc6 7. O-O Be7 8. dxc5 Bxc5 9. a3 a5 {[%emt 0:12:01] D30: Queen's Gambit Declined: Systems without Nc3.} 10. b3 $5 {[%emt 0:00:39][%mdl 4] A promising side line.} O-O 11. Nc3 d4 {[%emt 0:11:28] The position is equal.} 12. Nb5 {[%emt 0:00:57] [#]} Qb6 $146 ({Predecessor:} 12... Bf5 13. Nh4 Be4 14. Bxe4 Nxe4 15. Nf3 Qd5 16. Qd3 Nc3 17. Nxc3 dxc3 18. e3 Qxb3 {0-1 (27) Saint Leger,S (1610)-Verat Fayolle,C (1881) Montigny le Bretonneux 2019}) 13. a4 Be6 14. Bb2 Rfd8 15. Nd2 {[%emt 0:12:30] Against Ne4} Nb4 (15... Ng4 $11) 16. Rc1 $1 $14 Rac8 17. Nc4 Bxc4 18. Rxc4 d3 19. e3 Be7 20. Qf3 (20. Na3 $16) 20... Rxc4 $11 21. bxc4 Nd7 22. Bd4 {[%emt 0:03:40] A strong pair of Bishops.} Nc5 23. Nc3 Qe6 24. Nd5 (24. Bxc5 $5 Bxc5 25. Qxb7 $11 (25. Nd5 Qd7 $11)) 24... Nxd5 25. cxd5 Qd7 26. Qh5 Bf8 27. Qh4 Be7 28. Qh5 Bf8 (28... h6 $5 ) 29. Qh4 Be7 30. Qf4 Qxa4 31. Qe5 {[%emt 0:02:46][%csl Gd4][%cal Re5g7] [#]} Bf6 32. Qc7 Na6 33. Qxb7 Bxd4 34. exd4 $40 {[%emt 0:00:29][%mdl 128] White is up to no good.} Nb4 {[%emt 0:00:36] Strongly threatening ...d2.} (34... d2 $5 35. Bf3 Nb4 $11) 35. Qc7 Rf8 {[%emt 0:11:57] And now ...d2 would win.} 36. d6 $1 {[%emt 0:00:31] d7 is the strong threat.} d2 (36... Na6 $1 $11 37. Qc3 Qd7) 37. d7 $16 d1=Q 38. d8=Q {[%emt 0:00:02] White threatens Qcc8 and mate.} Qe2 39. Qxa5 Rxd8 40. Qxa4 Nc2 (40... Qe7 $16 {was worth a try.}) 41. Rc1 ({Better is} 41. d5 $18 g6 42. Qh4) 41... Ne1 {[%emt 0:00:35] [#]} 42. Qd7 $3 Rf8 43. Qf5 (43. d5 $16) 43... Qd2 $1 $14 44. Rc8 Qxd4 $2 {[%emt 0:00:33][%mdl 8192] A mistake that costs the game.} (44... g6 $1 $11 {and Black stays safe.} 45. Rxf8+ Kxf8 46. Qc5+ Kg8) 45. Bd5 $18 {[%emt 0:00:19] Rxf8+ would kill now.} Qf6 46. Rxf8+ Kxf8 47. Qc8+ Ke7 48. Qc7+ Ke8 49. Bc6+ {[%emt 0:00:09] White mates.} Kf8 50. Qc8+ Ke7 51. Qd7+ {[%emt 0:00:05] Weighted Error Value: White=0.10 (very precise) /Black=0.40} 1-0

[Event "5th Sharjah Masters 2022"]
[Site "Sharjah"]
[Date "2022.05.23"]
[Round "3.9"]
[White "Aryan Chopra"]
[Black "Abasov, Nijat"]
[Result "1/2-1/2"]
[ECO "C42"]
[WhiteElo "2609"]
[BlackElo "2635"]
[Annotator "TA"]
[PlyCount "88"]
[EventDate "2022.05.21"]
[EventType "swiss"]
[EventCountry "UAE"]
[SourceTitle "playchess.com"]
[Source "ChessBase"]
[SourceQuality "1"]
[TimeControl "5400+30"]

1. e4 e5 2. Nf3 Nf6 3. Nxe5 d6 4. Nf3 Nxe4 5. d4 d5 6. Bd3 Bd6 7. O-O O-O 8. c4 c6 9. Qc2 h6 {[%emt 0:01:22] is the new trend. C42: Petroff Defence: 3 Nxe5 and unusual White 3rd moves.} 10. Re1 Be6 11. cxd5 cxd5 {[%emt 0:00:18] White has an edge.} 12. Bxe4 dxe4 13. Qxe4 Bd5 {[%emt 0:06:26] This bishop pair is nice.} 14. Qg4 {[%emt 0:04:16] Bxh6 is the strong threat.} Qd7 15. Qxd7 Nxd7 16. Nc3 Bxf3 17. gxf3 Rfd8 18. Be3 {[%emt 0:06:19] [#]} Rac8 $146 ({Predecessor:} 18... Nf8 19. Red1 Ng6 20. Rac1 Rac8 21. Ne4 Rxc1 22. Rxc1 Bb8 23. Nc5 b6 24. Nb7 Rf8 {1-0 (51) Abdusattorov,N (2644)-Sadhwani,R (2522) Moscow 2020}) 19. Rac1 Nb6 20. Ne4 Rxc1 21. Rxc1 Nd5 22. Nc3 Ne7 23. h3 f6 24. Kf1 Kf7 25. Ne4 Nd5 {[%emt 0:01:14] [#]} 26. Rc8 $1 Rd7 27. Ke2 b6 (27... a6 $14) 28. Kd3 ({Don't take} 28. Nxd6+ Rxd6 29. Kd3 Rd7 $14) 28... Kg6 29. Ra8 Bh2 (29... Nf4+ $142 30. Bxf4 Bxf4) 30. Nc3 $16 {[%emt 0:01:35] Strongly threatening Nxd5.} Ne7 {[%emt 0:01:29] [#]} 31. Ke2 (31. Nb5 $142 $1) 31... Kf5 32. a4 Ke6 33. Kd3 f5 {[%emt 0:08:53] [#]} 34. f4 $1 Ng6 35. Ne2 Ne7 36. Kd2 Nd5 37. Ke1 g5 38. Rh8 Nxf4 39. Rxh6+ Kd5 40. Bxf4 Bxf4 41. Nxf4+ ({White should try} 41. h4 $14) 41... gxf4 $11 {[%emt 0:00:05] The position is equal.} 42. Ke2 {[%emt 0:00:05] And now Kf3 would win.} Ke4 43. Re6+ Kxd4 44. Kf3 Rh7 {[%emt 0:17:46] Weighted Error Value: White=0.10 (very precise) /Black=0.11 (very precise)} 1/2-1/2

[Event "5th Sharjah Masters 2022"]
[Site "Sharjah"]
[Date "2022.05.23"]
[Round "3.10"]
[White "Van Foreest, Lucas"]
[Black "Chigaev, Maksim"]
[Result "1/2-1/2"]
[ECO "E35"]
[WhiteElo "2572"]
[BlackElo "2631"]
[Annotator "TA"]
[PlyCount "99"]
[EventDate "2022.05.21"]
[EventType "swiss"]
[EventCountry "UAE"]
[SourceTitle "playchess.com"]
[Source "ChessBase"]
[SourceQuality "1"]
[TimeControl "5400+30"]

1. d4 Nf6 2. c4 e6 3. Nc3 Bb4 4. Qc2 d5 5. cxd5 exd5 6. Bf4 {[%emt 0:00:07] E35: Nimzo-Indian: Classical: 4...d5 5 cxd5 exd5.} c5 7. dxc5 O-O 8. e3 Nc6 9. Nf3 d4 {[%emt 0:00:39][%mdl 64] Pin} 10. O-O-O Bxc5 11. exd4 Bd6 12. Bxd6 Qxd6 13. a3 {[%emt 0:00:07] Prevents Nb4.} Bg4 14. Kb1 Rac8 15. d5 Ne7 16. Qb3 {[%emt 0:09:08] [#]} a6 $146 ({Predecessor:} 16... Rfd8 17. Bd3 Nexd5 18. Nxd5 Nxd5 19. Be4 Be6 20. Rd4 Nf6 21. Rxd6 Bxb3 22. Rxd8+ Rxd8 23. Bxb7 {1-0 (56) Kuljasevic,D (2538)-Brkic,A (2596) Pozega 2018}) 17. Bd3 (17. Qxb7 $2 Rxc3 $1 18. Qb4 (18. bxc3 $2 Rb8 $19) 18... Rc5 $19) 17... Ng6 18. Bxg6 (18. Qxb7 $2 Rxc3 $1 19. Qxa6 (19. bxc3 $2 Rb8 $19) 19... Qxa6 20. Bxa6 Rb8 $19) 18... hxg6 19. Rhe1 (19. Qxb7 $2 Rxc3 $1 20. Qb4 (20. bxc3 $2 Rb8 $19) 20... Rc5 $19) 19... b5 20. h3 Bf5+ (20... Bxf3 $14 21. gxf3 Rfd8) 21. Ka1 ({Better is} 21. Ka2 $16) 21... Nd7 (21... Rfe8 $14) 22. Qb4 $1 $16 Nc5 23. Ng5 {[%emt 0:03:33] White threatens Qh4 and mate.} f6 24. Ne6 $36 {[%emt 0:00:49][%mdl 2048] Keeping Black busy. Pair of Knights!} Bc2 25. Nxf8 Kxf8 {[%emt 0:02:49] [#]} 26. Re6 a5 $1 $14 27. Qh4 Nxe6 (27... Qd7 $1 $11 {and Black is okay.} 28. Rde1 (28. Qh8+ Kf7 $11) 28... Kg8) 28. Qh8+ $18 {[%emt 0:03:26][%mdl 64] Skewer} Ke7 {[%emt 0:00:08] ( -> ...Rxc3)} 29. Qxc8 Bxd1 {[%emt 0:00:04] [#]} 30. Qb7+ $1 (30. dxe6 $6 b4 31. Nb5 Qxe6 32. Qc7+ Qd7 $14) (30. Qxe6+ $6 Qxe6 31. dxe6 Bb3 $16) 30... Nc7 31. Nxb5 (31. Nxd1 Qc5 $16) 31... Qc5 {[%emt 0:00:08] aiming for ...Qc1+.} 32. d6+ {[%emt 0:01:04][%mdl 64] Pin} ({Much less strong is} 32. Qxc7+ $6 Qxc7 33. Nxc7 Bb3 $14) ({Worse is} 32. Nxc7 Qc1+ 33. Ka2 Qc4+ 34. Ka1 Qc1+ 35. Ka2 Qc4+ 36. Ka1 Qc1+ $11) 32... Kd7 33. Qxc7+ ({And not} 33. dxc7 Qc1+ 34. Ka2 Qc4+ 35. Ka1 Qc1+ 36. Ka2 Qc4+ 37. Ka1 Qc1+ $11) 33... Qxc7 34. dxc7 {[%emt 0:00:14][%mdl 4096] Endgame KB-KN} Be2 35. Nd4 Bf1 {[%emt 0:00:41] [#]} (35... Bc4 $142 36. g3 Kxc7) 36. g3 $2 (36. Nb3 $1 $18 {is the precise move to win.}) 36... Kxc7 $16 37. h4 Kd6 38. Kb1 Kd5 39. Nf3 Be2 40. Ne1 Kd4 41. Kc2 a4 ({Black should try} 41... Bg4 $14) 42. b3 (42. b4 $142) 42... axb3+ (42... Bb5 $16) 43. Kxb3 $18 Bd1+ 44. Kb2 ({White has to play} 44. Kb4 $16) 44... Ba4 $1 $11 {[%emt 0:00:19] The position is equal.} 45. Kc1 Kc3 $1 46. Ng2 g5 {[%emt 0:07:35] Inhibits Nf4.} 47. h5 Be8 48. g4 {[%emt 0:01:10] And now Ne3 would win.} f5 $1 49. gxf5 {[%emt 0:02:18][%cal Of5f6] Threatens to win with f6!} Bxh5 50. Ne1 {[%emt 0:01:04] Black escapes into a draw.  Weighted Error Value: White=0.17 (very precise) /Black=0.16 (very precise)} 1/2-1/2

[Event "5th Sharjah Masters 2022"]
[Site "Sharjah"]
[Date "2022.05.23"]
[Round "3.11"]
[White "Yilmaz, Mustafa"]
[Black "Msellek, Ilyass"]
[Result "1-0"]
[ECO "D37"]
[WhiteElo "2631"]
[BlackElo "2411"]
[Annotator "TA"]
[PlyCount "127"]
[EventDate "2022.05.21"]
[EventType "swiss"]
[EventCountry "UAE"]
[SourceTitle "playchess.com"]
[Source "ChessBase"]
[SourceQuality "1"]
[TimeControl "5400+30"]

1. d4 d5 2. c4 e6 3. Nf3 Nf6 4. Nc3 a6 5. cxd5 exd5 6. Bg5 {[%emt 0:00:08] D37: Queen's Gambit Declined: 5 Bf4.} Be6 7. e3 Nbd7 8. Bd3 {[%emt 0:00:20] White is slightly better.} h6 9. Bf4 g5 10. Bg3 Nh5 11. Be5 Ng7 12. Bg3 Nh5 $1 13. Qb3 Nxg3 14. hxg3 b5 15. Qc2 $36 {[%emt 0:02:56][%mdl 2048] [#] White is more active.} ({Wrong is} 15. Nxd5 $2 c6 16. e4 Bg7 $17) 15... c5 $146 (15... Bg7 $14 {deserves consideration.}) ({Predecessor:} 15... Bg7 16. Ne2 Rc8 17. Qc6 O-O 18. Rc1 Nb8 19. Qc2 Nd7 20. O-O c5 21. dxc5 Nxc5 {½-½ (48) Karjakin,S (2773)-Caruana,F (2822) Saint Louis 2018}) 16. dxc5 {[%emt 0:06:43] White is more active.} (16. Bf5 $1 $16 {[%cal Rf5e6] Hoping for Bxe6.} Qf6 17. e4) 16... Bxc5 (16... Nxc5 $14 17. Nd4 Bg7) 17. O-O Rc8 18. Qd2 (18. a4 $16) 18... Nb6 (18... Qf6 $14) 19. a4 $1 $16 b4 (19... Nc4 $142 20. Bxc4 bxc4) 20. Bxa6 bxc3 21. Qxc3 d4 22. exd4 Nd5 23. Qc1 Bb4 24. Bxc8 Qxc8 25. Qxc8+ ({Better is} 25. Ne5 $1) 25... Bxc8 26. Rfc1 Ba6 27. Ne5 Ke7 28. Rc6 Bb7 29. Rc4 Ba6 30. Nc6+ Kd6 31. Rxb4 Kxc6 32. Rb3 f6 33. Rc1+ Kd6 34. Rc5 Re8 (34... Be2 $142) 35. Ra5 $1 Bc4 36. Rf3 (36. Rb7 $16) 36... Re4 (36... Re1+ $11 37. Kh2 Rd1) 37. Ra8 {[%emt 0:05:04] aiming for b3.} Rxd4 38. a5 $1 Rd1+ 39. Kh2 Ra1 40. g4 Nf4 (40... Ra2 $14) 41. Rd8+ $18 Ke7 42. Rd4 Be6 {[%emt 0:00:36] [#]} 43. Ra3 Rxa3 44. bxa3 {[%emt 0:00:02] And now a6 would win.} Bc8 (44... Bxg4 $2 45. g3 Nd5 46. Rxg4 $18) 45. Ra4 Ba6 46. Rb4 {[%emt 0:00:06] Strongly threatening Rb6.} Nd5 {[%emt 0:00:11] Inhibits Rb6.} 47. Rb8 Kd6 48. Rh8 Kc5 49. Rb8 ({Much less strong is} 49. Rxh6 Kb5 $14) ({White should play} 49. Rd8 $16) 49... Kc6 $2 (49... Kd6 $1 $11) 50. f3 Kc7 51. Rb1 Kc6 52. Kg3 Bd3 53. Rc1+ Kd6 (53... Kb7 $16 {is a better defense.} 54. Rc5 Nc7) 54. Kf2 Ba6 {[%emt 0:00:21] [#]} 55. g3 $1 ({Don't take} 55. Rh1 $6 Kc5 56. Rxh6 Kb5) 55... Kd7 56. Rh1 Kc6 57. Rxh6 Kb5 58. f4 gxf4 (58... Kxa5 {was called for.} 59. fxg5 fxg5) 59. gxf4 Nxf4 60. Rxf6 Nd3+ (60... Nd5) 61. Ke3 Nc5 62. g5 {[%emt 0:00:58][%cal Bg4g5,Bg5g6][%mdl 32] White threatens g6 and mate.} Bc8 63. g6 Be6 64. a6 {[%emt 0:00:15] Weighted Error Value: White=0.13 (very precise) /Black=0.37} 1-0

[Event "5th Sharjah Masters 2022"]
[Site "Sharjah"]
[Date "2022.05.23"]
[Round "3.12"]
[White "Aravindh, Chithambaram VR."]
[Black "Ponkratov, Pavel"]
[Result "1/2-1/2"]
[ECO "D00"]
[WhiteElo "2606"]
[BlackElo "2624"]
[Annotator "TA"]
[PlyCount "36"]
[EventDate "2022.05.21"]
[EventType "swiss"]
[EventCountry "UAE"]
[SourceTitle "playchess.com"]
[Source "ChessBase"]
[SourceQuality "1"]
[TimeControl "5400+30"]

1. d4 Nf6 2. Nc3 d5 3. Bf4 a6 4. e3 e6 5. g4 Bd6 6. g5 {[%emt 0:04:27] D00: 1 d4 d5: Unusual lines.} Bxf4 7. exf4 {[%emt 0:00:14] [#]} Ng8 $146 ({Predecessor:} 7... Ne4 8. Nxe4 dxe4 9. Bg2 c5 10. dxc5 Qa5+ 11. Qd2 Qxc5 12. Bxe4 O-O 13. O-O-O Nc6 {1-0 (32) Gelman,A (2403)-Badelka,O (2433) Chess.com INT 2021}) 8. Nf3 Nc6 9. Qd2 Qd6 10. Ne2 Bd7 11. h4 f6 (11... h6 {with more complications.} 12. Ne5 f6 13. Nxd7 Kxd7 14. Bh3 hxg5 15. hxg5 Nge7) 12. O-O-O O-O-O 13. Ne1 Nge7 14. Nd3 Kb8 {[%emt 0:01:03] The position is equal.} 15. Bh3 b6 16. Kb1 Bc8 17. c3 Rdf8 18. Rde1 a5 {[%emt 0:04:30] A rather calm draw.  Weighted Error Value: White=0.06 (flawless) /Black=0.10 (very precise)} 1/2-1/2

[Event "5th Sharjah Masters 2022"]
[Site "Sharjah"]
[Date "2022.05.23"]
[Round "3.13"]
[White "Muradli, Mahammad"]
[Black "Adhiban, B.."]
[Result "1-0"]
[ECO "D38"]
[WhiteElo "2539"]
[BlackElo "2616"]
[Annotator "TA"]
[PlyCount "122"]
[EventDate "2022.05.21"]
[EventType "swiss"]
[EventCountry "UAE"]
[SourceTitle "playchess.com"]
[Source "ChessBase"]
[SourceQuality "1"]
[TimeControl "5400+30"]

1. d4 e6 2. c4 Nf6 3. Nf3 d5 4. Nc3 Bb4 5. Bg5 h6 6. Bxf6 Qxf6 7. Qa4+ Nc6 8. e3 O-O {[%emt 0:00:07] D38: Queen's Gambit Declined: Ragozin Defence (4 Nf3 Bb4).} 9. Rc1 Rd8 10. Qb3 a5 {[%emt 0:10:18] [#] The position is equal.} 11. cxd5 $146 ({Predecessor:} 11. a3 a4 12. Qc2 Ba5 13. cxd5 exd5 14. Be2 Bf5 15. Qd1 Ne7 16. O-O Bxc3 17. Rxc3 {½-½ (50) Inarkiev,E (2654)-Matlakov,M (2688) Sochi 2021}) 11... exd5 12. a3 a4 13. Qd1 Bxc3+ 14. Rxc3 Qg6 15. h3 Bd7 16. Bd3 Qd6 (16... Qxg2 $2 17. Rh2 Qxh3 18. Rxh3 Bxh3 19. Ng1 $18) 17. O-O Na5 18. Ne5 Be8 19. Qc2 {[%emt 0:00:39] White is much more active.} Nc6 20. Nxc6 Bxc6 21. Rc5 Bd7 22. Rc1 ({But not} 22. Rxc7 Bc6 23. Rxc6 (23. Bh7+ Kf8 $17) 23... bxc6 $17) 22... c6 23. Qd1 g6 24. Bc2 b6 25. Rc3 b5 $1 26. Rc5 Kg7 27. Qd2 Be8 28. Qc3 Qf6 29. Rd1 Rd6 30. Qb4 Bd7 31. Rc3 Rd8 32. b3 axb3 33. Bxb3 Bf5 34. Rdc1 Ra8 (34... Qg5 {is interesting.} 35. Kh2 Be4 36. f3 Bf5) 35. a4 bxa4 36. Bxa4 Bd7 {[%emt 0:01:16][%cal Oc6c5] [#] White must now prevent ...c5!} 37. Bc2 Re6 ({Don't do} 37... Ra2 38. Ra3 Rxa3 39. Qxa3 $14) 38. Qb7 Qd8 39. Bd1 Rb8 40. Qa7 Ra8 41. Qc5 Ra5 42. Qb4 h5 43. Ra3 Rxa3 44. Qxa3 Qg5 45. Rb1 Qe7 46. Qa7 Be8 (46... Qd6 $1 $11) 47. Rb7 Qf6 48. Rb8 Qe7 49. Qa8 Qd7 50. Rd8 Qe7 51. Qb8 Kh7 52. Ba4 Kg7 53. Rc8 ({White should play} 53. Bb3 $16) 53... Qa3 $11 54. Bb3 $36 {[%emt 0:01:05][%cal Ba4b3,Bb3d1,Bd1g4][%mdl 2080] White is pushing.} Qe7 (54... Kf8 $11 {remains equal.}) 55. Bd1 Qd7 (55... Kg8 $16 56. g4 hxg4) 56. Rd8 (56. g4 $18 {is more deadly.}) 56... Qe7 $16 57. Rc8 (57. Be2 $16) 57... Qd7 $1 $18 58. g4 h4 $2 (58... Re7 {keeps fighting.} 59. gxh5 Qe6 60. hxg6 fxg6) 59. g5 {[%emt 0:00:30] [#] aiming for Bg4.} Qe7 {[%emt 0:00:06] White is winning.} 60. Bg4 Re4 61. Kf1 Kf8 {[%emt 0:01:06] Weighted Error Value: White=0.10 (very precise) /Black=0.12 (very precise)} 1-0

[Event "5th Sharjah Masters 2022"]
[Site "Sharjah"]
[Date "2022.05.23"]
[Round "3.14"]
[White "Narayanan.S.L"]
[Black "Kamalidenova, Meruert"]
[Result "1-0"]
[ECO "E44"]
[WhiteElo "2662"]
[BlackElo "2408"]
[Annotator "TA"]
[PlyCount "55"]
[EventDate "2022.05.21"]
[EventType "swiss"]
[EventCountry "UAE"]
[SourceTitle "playchess.com"]
[Source "ChessBase"]
[SourceQuality "1"]
[TimeControl "5400+30"]

1. d4 Nf6 2. c4 e6 3. Nc3 Bb4 4. e3 b6 5. Nge2 O-O 6. a3 Be7 7. e4 c5 {[%emt 0:02:42] E44: Nimzo-Indian: Rubinstein: 4...b6 5 Ne2.} 8. d5 exd5 9. cxd5 {[%emt 0:00:42] [#] Black must now prevent d6.} d6 {[%emt 0:03:34] White is slightly better.} 10. Ng3 {[%emt 0:00:18] [#]} Nfd7 $146 ({Predecessor:} 10... a6 11. Be2 b5 12. b4 Nbd7 13. Be3 Ne8 14. O-O Bf6 15. Rc1 c4 16. Nf5 Bxc3 17. Rxc3 {1-0 (38) Kayonde,A (2404)-Adly,A (2607) Kampala 2016}) 11. Be2 {[%emt 0:07:00] White is more active.} Bh4 12. O-O (12. Nf5 {is interesting.} Ne5 13. Nxh4 Qxh4 14. O-O) 12... Bxg3 13. hxg3 a6 14. a4 a5 15. b3 $36 {[%emt 0:19:30][%mdl 2048] Keeping Black busy.} Na6 16. Bb2 Nb4 17. Qd2 Qe7 18. Rae1 Bb7 19. Bb5 Rae8 (19... Ne5 $16) 20. Nd1 $18 {[%emt 0:00:00] [#] Ne3 is the strong threat.} Rd8 21. f3 f5 $2 (21... f6 {was necessary.} 22. Ne3 Ne5) 22. exf5 Qf7 23. Re6 Nxd5 {[%emt 0:06:18] White is clearly winning.} 24. Bc4 {[%emt 0:00:00] A strong pair of Bishops.} Qxf5 25. Rxd6 {[%emt 0:00:00] Strongly threatening Ne3.} N7f6 26. Ne3 Qc8 27. Rxd8 Rxd8 28. Bxf6 {[%emt 0:00:00] Weighted Error Value: White=0.16 (very precise) /Black=0.35} 1-0

[Event "5th Sharjah Masters 2022"]
[Site "Sharjah"]
[Date "2022.05.23"]
[Round "3.15"]
[White "Kuybokarov, Temur"]
[Black "Sargissian, Gabriel"]
[Result "0-1"]
[ECO "C84"]
[WhiteElo "2582"]
[BlackElo "2694"]
[Annotator "TA"]
[PlyCount "42"]
[EventDate "2022.05.21"]
[EventType "swiss"]
[EventCountry "UAE"]
[SourceTitle "playchess.com"]
[Source "ChessBase"]
[SourceQuality "1"]
[TimeControl "5400+30"]

1. e4 e5 2. Nf3 Nc6 3. Bb5 a6 4. Ba4 Nf6 5. O-O Be7 6. d3 b5 7. Bb3 d6 8. a4 Bd7 9. Bd2 {[%emt 0:00:18] C84: Closed Ruy Lopez: Unusual White 6th moves.} b4 10. a5 O-O 11. h3 Qc8 12. Be3 Be6 {[%emt 0:04:10] [#]} 13. c3 $146 ({Predecessor:} 13. Nbd2 Bxb3 14. Nxb3 d5 15. Bg5 Rd8 16. Bxf6 Bxf6 17. Nfd2 dxe4 18. Nxe4 Be7 19. Qf3 {½-½ (38) Nepomniachtchi,I (2628)-Korotylev,A (2587) Moscow 2009}) 13... Rb8 14. Ba4 Qb7 15. Ng5 Bd7 16. Nd2 Nd8 17. Bc2 Ne6 ({Black should try} 17... Bb5 $11) 18. Ngf3 Bb5 {[%emt 0:08:06] The position is equal.} 19. Re1 bxc3 20. bxc3 c5 21. Qb1 Nh5 {[%emt 0:10:41][%mdl 32768] A rather calm draw.  Weighted Error Value: White=0.05 (flawless) /Black=0.08 (flawless) . Loss on time!?} 0-1

[Event "5th Sharjah Masters 2022"]
[Site "Sharjah"]
[Date "2022.05.23"]
[Round "3.16"]
[White "Kadric, Denis"]
[Black "Erigaisi Arjun"]
[Result "0-1"]
[ECO "B77"]
[WhiteElo "2576"]
[BlackElo "2675"]
[Annotator "TA"]
[PlyCount "70"]
[EventDate "2022.05.21"]
[EventType "swiss"]
[EventCountry "UAE"]
[SourceTitle "playchess.com"]
[Source "ChessBase"]
[SourceQuality "1"]
[TimeControl "5400+30"]

1. e4 {[%emt 0:00:03] Ftacnik,L} c5 2. Nc3 Nc6 3. Nge2 g6 4. d4 cxd4 5. Nxd4 Bg7 6. Be3 Nf6 7. Bc4 O-O 8. Bb3 d6 9. f3 Bd7 10. h4 h5 11. Qd2 Rc8 12. Nxc6 {[%emt 0:08:58] B77: Sicilian Dragon: Yugoslav Attack, 9 Bc4 sidelines.} bxc6 13. Bh6 ({Not} 13. Bxa7 c5 14. a4 Ra8 15. Bxc5 (15. Nb5 $2 c4 $19) 15... dxc5 $17) 13... c5 14. Bc4 {[%emt 0:00:21] White is slightly better.} Qb6 15. Bxg7 Kxg7 16. b3 Be6 17. Nd5 Bxd5 18. exd5 e5 {[%emt 0:02:09][%cal Be7e5,Be5e4][%mdl 32] [#]} 19. a4 $146 ({Predecessor:} 19. dxe6 d5 20. Be2 c4 21. c3 Rce8 22. bxc4 Rxe6 23. Kf1 Rfe8 24. Bd3 dxc4 25. Bxc4 Ne4 {0-1 (25) Anand,V (2725)-Kasparov,G (2795) New York 1995 CBM 049 [Ftacnik,L]}) 19... Qb4 20. a5 e4 21. c3 Qb7 22. O-O exf3 23. Qf4 {[%emt 0:00:03] Prevents Ne4.} Ng4 {[%emt 0:02:41] Strongly threatening ...f2+.} 24. Rxf3 Qe7 25. Qg3 Qd7 {[%emt 0:03:16] Against Bb5} 26. Rff1 Rce8 {[%emt 0:00:49] Prevents Be2.} 27. Rae1 {[%emt 0:00:04] Inhibits Re3.} Rxe1 28. Rxe1 Re8 29. Re2 Re5 30. Rxe5 {[%emt 0:15:41] This move loses the game for White.} (30. b4 $17 {was forced.}) 30... Nxe5 $17 {[%emt 0:00:19] KQB-KQN} 31. Be2 Qf5 32. c4 Kh7 33. Bf1 $2 {[%emt 0:06:39] [#]} (33. Qe3) 33... Qc2 34. Qe3 a6 35. Be2 Qa2 {[%emt 0:01:37] Weighted Error Value: White=0.24 (precise) /Black=0.11 (very precise)} 0-1